 Dungeon Crawl Stone Soup version 0.30.1-11-g7821555f0a (webtiles) character file.

Game seed: 17361245259412849179

251 Wiggles the Chopper (level 5, -11/70 HPs)
             Began as a Minotaur Berserker on Nov 10, 2023.
             Was a Believer of Trog.
             Killed by divine providence
             ... invoked by an orc priest
              (13 damage)
             ... on level 4 of the Dungeon.
             The game lasted 00:02:44 (1498 turns).

Wiggles the Chopper (Minotaur Berserker)            Turns: 1498, Time: 00:02:45

Health: -11/70     AC:  4    Str: 23    XL:     5   Next: 88%
Magic:  4/4        EV: 12    Int:  4    God:    Trog [**....]
Gold:   45         SH:  0    Dex: 10    Spells: 4/4 levels left

rFire   . . .        a - +0 hand axe
rCold   . . .        (no shield)
rNeg    . . .        g - +0 leather armour
rPois   .            (helmet restricted)
rElec   .            (no cloak)
rCorr   .            e - +0 pair of gloves
SInv    .            (no boots)
Will    .....        q - amulet of regeneration Stlth
                     (no ring)
HPRegen 1.11/turn    (no ring)
MPRegen 0.09/turn

%: no passive effects
@: berserking (expiring), very quick
A: horns 2, retaliatory headbutt
a: Renounce Religion, Berserk, Trog's Hand


You were on level 4 of the Dungeon.
You worshipped Trog.
Trog was pleased with you.
You visited 1 branch of the dungeon, and saw 5 of its levels.

You collected 95 gold pieces.
You spent 50 gold pieces at shops.

Inventory:

Hand Weapons
 a - a +0 hand axe (weapon)
Missiles
 i - a throwing net (quivered)
Armour
 e - a +0 pair of gloves (worn)
 g - a +0 leather armour (worn)
Jewellery
 b - an amulet of reflection
 q - an amulet of regeneration (around neck)
Scrolls
 d - 2 scrolls of fear {unknown}
 f - a scroll of fog {unknown}
 h - a scroll of vulnerability {unknown}
 l - a scroll of identify {unknown}
 m - a scroll of acquirement {unknown}
 o - a scroll of enchant weapon {unknown}
Potions
 c - 2 potions of flight {unknown}
 j - a potion of attraction {unknown}
 k - a potion of ambrosia {unknown}
 n - a potion of resistance {unknown}
 p - a potion of heal wounds


   Skills:
 + Level 4.6 Fighting
 + Level 6.3 Axes
 + Level 3.2 Armour
 + Level 2.9 Dodging
 + Level 0.5 Stealth
 + Level 1.6 Shields


You had 4 spell levels left.
You didn't know any spells.
Your spell library was empty.

Dungeon Overview and Level Annotations

Branches:
Dungeon (5/15)             Temple (0/1) D:5

Altars:
Dithmenos

Shops:
D:1 !   D:2 [


Innate Abilities, Weirdness & Mutations

You have a pair of horns on your head.
You reflexively headbutt those who attack you in melee.


Message History

The orc warrior is heavily wounded.
You slash the orc wizard! You hit the orc priest.
You closely miss the orc warrior. Your headbutt misses the orc warrior.
The orc warrior is heavily wounded.
You hit the orc priest. You hit the orc wizard.
You kill the orc wizard!
Trog accepts your kill.
Trog appreciates your killing of a magic user.
The orc priest mumbles some strange prayers to Beogh against you.
Pain shoots through your body!
The orc warrior hits you with a +0 halberd.
Your Armour skill increases to level 3!
Your Shields skill increases to level 1!
You have reached level 5!
You hit the orc warrior.
The orc warrior is heavily wounded.
You hit the orc priest.
The orc priest mumbles some strange prayers to Beogh against you.
Beogh smites you!
* * * LOW HITPOINT WARNING * * *
The orc warrior completely misses you.
You slash the orc warrior!
You kill the orc warrior!
Trog accepts your kill.
You closely miss the orc priest.
Your Axes skill increases to level 6!
The orc hits you with a +0 mace!
* * * LOW HITPOINT WARNING * * *
The orc priest mumbles some strange prayers to Beogh against you.
Beogh smites you!
* * * LOW HITPOINT WARNING * * *
Things that are here:
a +0 halberd; a +0 plate armour; an orc corpse You slash the orc!
You kill the orc!
Trog accepts your kill.
Found a triangular garnet amulet.
The orc priest mumbles some strange prayers to Beogh against you.
Beogh smites you!
You die...

######### ##....#..# #
#... ....# #.###.?
#...#####
.......###..#...#
#......))o.#...######
#....@))........##.##
.......#.$............##
.......##........>.....#
...................#....
...........(....##.#....
...................###..
"......≈≈≈≈≈≈≈≈≈...# ..
..#.>..≈.......≈.#.# .#
....≈.#####.≈..... ##


You could see an orc priest.

Vanquished Creatures
  An orc warrior (D:4)
  An iguana (D:5)
  An orc wizard (D:4)
  A gnoll (D:1)
  4 adders (D:2)
  2 worms
  2 dart slugs
  2 orcs (D:4)
  A ball python (D:2)
  3 endoplasms (D:1)
  4 goblins
  A hobgoblin (D:1)
  5 jackals (D:2)
  5 kobolds
  4 quokkas
  2 bats
  2 frilled lizards (D:2)
  6 rats
47 creatures vanquished.

Notes
Turn   | Place    | Note
-------+----------+-------------------------------------------
     0 | D:1      | Wiggles the Minotaur Berserker began the quest for the Orb.
     0 | D:1      | Reached XP level 1. HP: 19/19 MP: 0/0
    66 | D:1      | Reached skill level 4 in Axes
    66 | D:1      | Reached XP level 2. HP: 27/27 MP: 1/1
   143 | D:1      | Found Zecaimuoriwk's Distillery.
   259 | D:1      | Found a faded altar of an unknown god.
   364 | D:1      | Reached XP level 3. HP: 26/34 MP: 2/2
   647 | D:2      | Found Korhauh's Armour Emporium.
   777 | D:2      | Reached ** piety under Trog
   834 | D:2      | Reached XP level 4. HP: 38/41 MP: 3/3
  1186 | D:2      | Reached skill level 5 in Axes
  1306 | D:1      | Bought a potion of heal wounds for 50 gold pieces
  1348 | D:3      | You fall into a shaft and drop 2 floors!
  1348 | D:5      | Entered Level 5 of the Dungeon
  1402 | D:5      | Found a staircase to the Ecumenical Temple.
  1472 | D:4      | Found a shadowy altar of Dithmenos.
  1482 | D:4      | Noticed an orc warrior
  1494 | D:4      | Reached skill level 1 in Shields
  1494 | D:4      | Reached XP level 5. HP: 27/47 MP: 4/4
  1495 | D:4      | Killed an orc warrior
  1496 | D:4      | Reached skill level 6 in Axes
  1496 | D:4      | HP: 1/70 [orc priest/divine providence (7)]
  1498 | D:4      | Killed from afar by an orc priest

Illustrated notes

Levels and vault maps discovered:
D:1:      tarquinn_simple_flora_water_e, layout_rooms, serial_shops, shop,
          dreamdust_ecumenical_altar_statues
D:2:      layout_loops_ring, serial_shops, nicolae_square_shop
D:3:      layout_rooms, cheibriados_altar_1, serial_shops,
          nicolae_shop_behind_doors, uniq_robin, uniq_ijyb
D:4:      layout_cave_pools, mainiacjoe_overflow_catwalk,
          mainiacjoe_overflow_brackets, mainiacjoe_overflow_paths
D:5:      lemuel_castle_with_subvaults [lemuel_castle_interior_carwin_2],
          layout_basic, grunt_temple_overflow_bloody_war,
          nicolae_vehumet_radiance, minmay_temple_entry_butterflies,
          st_stairs_13, uniq_menkaure, uniq_blork_the_orc

Skill      XL: |  1  2  3  4  5 |
---------------+----------------+-----
Fighting       | 4 |  4.6
Axes           | 4 5 6 |  6.3
Armour         | 3 |  3.2
Shields        | 1 |  1.6
Dodging        | |  2.9
Stealth        | |  0.5

Action                     |  1- 3 |  4- 6 || total
---------------------------+-------+-------++-------
  Melee: Hand axe          |    62 |    38 ||   100
         Headbutt          |     6 |     4 ||    10
 Invoke: Berserk           |     1 |     1 ||     2
 Armour: Animal skin       |     2 |       ||     2
         Leather armour    |    17 |     5 ||    22
  Dodge: Dodged            |    34 |    19 ||    53
  Block: Other             |    16 |     7 ||    23
         Reflection        |       |     1 ||     1
